 Dungeon Crawl Stone Soup version 0.31.0-2-g5a2aebc5c2 (webtiles) character file.

Game seed: 3054711140292786772

273 booth the Cudgeller (level 6, 0/40 HPs)
             Began as a Gargoyle Monk on Jan 20, 2024.
             Killed from afar by a crimson imp (9 damage)
             ... with a puff of flame
             ... on level 3 of the Dungeon.
             The game lasted 00:11:54 (1747 turns).

booth the Cudgeller (Gargoyle Monk)                 Turns: 1747, Time: 00:11:54

Health: 0/40       AC: 10    Str: 16    XL:     6   Next: 23%
Magic:  6/6        EV: 11    Int: 11    God:
Gold:   130        SH:  0    Dex: 12    Spells: 5/5 levels left

rFire   . . .        a - +0 mace
rCold   . . .        (no shield)
rNeg    + . .        q - +1 ring mail
rPois   ∞            (no helmet)
rElec   +            (no cloak)
rCorr   +            (no gloves)
SInv    .            (no boots)
Will    .....        (no amulet)
Stlth   +            h - ring of resist corrosion
HPRegen 0.26/turn    (no ring)
MPRegen 0.10/turn

%: no passive effects
@: no status effects
A: sickness immunity, AC +4, negative energy resistance 1, electricity
resistance, torment resistance 1, petrification resistance
a: no special abilities


You were on level 3 of the Dungeon.
You visited 1 branch of the dungeon, and saw 3 of its levels.

You collected 130 gold pieces.

Inventory:

Hand Weapons
 a - a +0 mace (weapon)
 m - a +0 flail
Missiles
 t - a throwing net
Armour
 b - a +0 robe
 d - an orb of light
 f - a +0 scale mail
 q - a +1 ring mail (worn)
Jewellery
 h - a ring of resist corrosion (left hand)
Wands
 p - a wand of iceblast (9)
Scrolls
 j - a scroll of immolation {unknown}
Potions
 e - a potion of cancellation
 i - a potion of enlightenment {unknown}
 k - a potion of curing {unknown}
 n - a potion of mutation {unknown}


   Skills:
 + Level 5.0 Fighting
 * Level 5.7 Maces & Flails
 - Level 2.5 Dodging


You had 5 spell levels left.
You didn't know any spells.
Your spell library contained the following spells:

 Spells                   Type           Power      Damage    Failure   Level
 Freeze                   Ice            0%         1d3       56%         1
 Frozen Ramparts          Ice            0%         1d1       90%         3
 Hailstorm                Conj/Ice       0%         3d5       90%         3


Dungeon Overview and Level Annotations

Branches:
Dungeon (3/15)

Altars:
Makhleb
Vehumet
Wu Jian


Innate Abilities, Weirdness & Mutations

You are immune to sickness and miasma.
Your stone body is resilient. (AC +4)
You are immune to poison.
You resist negative energy. (rN+)
You are resistant to electric shocks. (rElec)
You are resistant to unholy torment.
You are immune to petrification.


Message History

You hit the crimson imp.
The crimson imp is heavily wounded.
The crimson imp hits you but does no damage.
You closely miss the crimson imp.
The crimson imp is moderately wounded.
The crimson imp hits you but does no damage.
You hit the crimson imp.
The crimson imp is heavily wounded.
The crimson imp zaps a wand.
The puff of flame hits you.
You hit the crimson imp.
The crimson imp is heavily wounded.
The crimson imp barely misses you.
You miss the crimson imp.
The crimson imp is heavily wounded.
The crimson imp zaps a wand.
The puff of flame misses you.
You barely miss the crimson imp.
The crimson imp is heavily wounded.
The crimson imp closely misses you.
The crimson imp zaps a wand.
The puff of flame hits you!
You closely miss the crimson imp.
The crimson imp is moderately wounded.
The crimson imp hits you.
You hit the crimson imp.
The crimson imp is heavily wounded.
The crimson imp zaps a wand.
The puff of flame hits you.
* * * LOW HITPOINT WARNING * * *
You hit the crimson imp.
The crimson imp is heavily wounded.
The crimson imp barely misses you.
You closely miss the crimson imp.
The crimson imp is heavily wounded.
The crimson imp hits you but does no damage.
You barely miss the crimson imp.
The crimson imp is moderately wounded.
The crimson imp hits you.
* * * LOW HITPOINT WARNING * * *
You miss the crimson imp.
The crimson imp is moderately wounded.
The crimson imp zaps a wand.
The puff of flame hits you!
You die...

#.# #.# #<#
#.####### #.#
#........ #.#
#.####### #.#
#5#
#####.#######
##.##.........
#_.5##(#######
#...@'(#
#_..#### ##.##
###


You could see a crimson imp.

Vanquished Creatures
  Sigmund (D:3)
  6 adders (D:2)
  A dart slug (D:1)
  A ribbon worm (D:2)
  An orc (D:2)
  5 endoplasms
  4 giant cockroaches
  3 hobgoblins
  2 quokkas (D:1)
  4 ball pythons
  10 bats
  2 frilled lizards
  3 goblins (D:2)
  3 kobolds
  7 rats
53 creatures vanquished.

Notes
Turn   | Place    | Note
-------+----------+-------------------------------------------
     0 | D:1      | booth the Gargoyle Monk began the quest for the Orb.
     0 | D:1      | Reached XP level 1. HP: 14/14 MP: 1/1
   124 | D:1      | Reached XP level 2. HP: 19/19 MP: 2/2
   412 | D:1      | Reached XP level 3. HP: 23/24 MP: 3/3
   807 | D:2      | Reached XP level 4. HP: 26/29 MP: 4/4
  1241 | D:2      | Found an ornate altar of the Wu Jian Council.
  1673 | D:3      | Found a burning altar of Makhleb.
  1673 | D:3      | Found a radiant altar of Vehumet.
  1673 | D:3      | Noticed Sigmund
  1707 | D:3      | Killed Sigmund
  1708 | D:3      | Reached skill level 5 in Fighting
  1708 | D:3      | Reached skill level 5 in Maces & Flails
  1708 | D:3      | Reached XP level 5. HP: 22/35 MP: 5/5
  1708 | D:3      | Reached XP level 6. HP: 25/40 MP: 6/6
  1747 | D:3      | Killed from afar by a crimson imp

Illustrated notes

Levels and vault maps discovered:
D:1:      dpeg_arrival_simpleton_b, layout_rooms, minmay_box_of_dots
D:2:      layout_basic, basic_altar, serial_rivers,
          chequers_serial_rivers_large_b, chequers_serial_rivers_small_b,
          chequers_serial_rivers_small_a, chequers_serial_rivers_micro_d,
          nrook_mini_backslash, grunt_ministairs_2, kennysheep_cross_room
D:3:      layout_loops_ring, grunt_temple_overflow_lords_of_destruction,
          nicolae_overflow_crystal_walls, kennysheep_cross_bottleneck,
          uniq_sigmund, uniq_terence

Skill      XL: |  1  2  3  4 |
---------------+-------------+-----
Fighting       | 4 5 |  5.0
Maces & Flails | 4 5 |  5.7
Dodging        | |  2.5

Action                     |  1- 3 |  4- 6 || total
---------------------------+-------+-------++-------
  Melee: Mace              |    92 |   117 ||   209
  Throw: Javelin           |       |     4 ||     4
    Use: Scroll            |     1 |     4 ||     5
         Potion            |     1 |     2 ||     3
 Armour: Robe              |    53 |    43 ||    96
         Ring mail         |       |    70 ||    70
  Dodge: Dodged            |    62 |    90 ||   152
